 Dungeon Crawl Stone Soup version 0.31.0-12-g77e489cdc1 (webtiles) character file.

Game seed: 14033972183409244638

841 Gadfly the Sneak (level 7, 0/35 HPs)
             Began as a Spriggan Enchanter on Feb 18, 2024.
             Was an Initiate of Gozag.
             Slain by an unseen horror (5 damage)
             ... on level 5 of the Dungeon.
             The game lasted 00:10:06 (3600 turns).

Gadfly the Sneak (Spriggan Enchanter)               Turns: 3600, Time: 00:10:06

Health: 0/35       AC:  2    Str:  4    XL:     7   Next: 67%
Magic:  7/14       EV: 19    Int: 16    God:    Gozag
Gold:   1565       SH:  0    Dex: 18    Spells: 3/15 levels left

rFire   . . .        a - +6 rapier of Ru, Brewing {venom, rN+}
rCold   . . .        (no shield)
rNeg    + . .        e - +0 robe
rPois   .            (helmet restricted)
rElec   .            (no cloak)
rCorr   +            (gloves unavailable)
SInv    +            (boots unavailable)
Will    ++...        h - amulet of regeneration
Stlth   ++++         l - ring of resist corrosion
HPRegen 1.05/turn    o - ring of willpower
MPRegen 0.14/turn

%: no passive effects
@: very slightly contaminated, very quick
A: very small, no large weapons, unfitting armour, see invisible, speed 3, claws
1, sense surroundings 1
a: Renounce Religion, Potion Petition, Call Merchant, Bribe Branch


You were on level 5 of the Dungeon.
You worshipped Gozag.
Gozag was most pleased with you.
You visited 1 branch of the dungeon, and saw 5 of its levels.

You collected 1583 gold pieces.
You paid 18 gold pieces to Gozag.

Inventory:

Hand Weapons
 a - the +6 rapier of Ru, Brewing (weapon) {venom, rN+}
   (You acquired it on level 1 of the Dungeon)

   rN+:       It protects you from negative energy.
 b - a +1 dagger of electrocution
 f - a +3 rapier
 q - a +2 dagger of draining
Armour
 e - a +0 robe (worn)
Jewellery
 h - an amulet of regeneration (around neck)
 l - a ring of resist corrosion (left claw)
 o - a ring of willpower (right claw)
Wands
 p - a wand of quicksilver (8)
Scrolls
 m - a scroll of vulnerability
Potions
 c - 2 potions of invisibility
 d - a potion of curing
 g - a potion of cancellation
 i - a potion of lignification {unknown}
 j - a potion of enlightenment
 k - a potion of heal wounds


   Skills:
 + Level 2.6 Fighting
 + Level 3.7 Short Blades
 + Level 4.9 Dodging
 + Level 6.6 Stealth
 + Level 4.6 Spellcasting
 + Level 5.3 Hexes
 + Level 3.9 Evocations


You had 3 spell levels left.
You knew the following spells:

 Your Spells              Type           Power      Damage    Failure   Level
a - Ensorcelled Hibernat  Hex/Ice        24%        N/A       9%          2
b - Confusing Touch       Hex            20%        N/A       5%          3
c - Blink                 Tloc           6%         N/A       24%         2
d - Yara's Violent Unrav  Hex/Alch       6%         3d5       83%         5

Your spell library contained the following spells:

 Spells                   Type           Power      Damage    Failure   Level
 Jinxbite                 Hex            40%        N/A       2%          2
 Tukima's Dance           Hex            20%        N/A       5%          3
 Dazzling Flash           Conj/Hex       24%        N/A       16%         3
 Lesser Beckoning         Tloc           6%         N/A       24%         2
 Momentum Strike          Conj/Tloc      6%         3d8       24%         2
 Ozocubu's Armour         Ice            3%         N/A       43%         3
 Metabolic Englaciation   Hex/Ice        6%         N/A       83%         5
 Sculpt Simulacrum        Ice/Alch       1%         N/A       100%        6
 Enfeeble                 Hex            10%        N/A       100%        7


Dungeon Overview and Level Annotations

Branches:
Dungeon (5/15)
 Temple: D:4-7

Altars:
Cheibriados
Gozag
Sif Muna
Trog


Innate Abilities, Weirdness & Mutations

You are very small and have problems with some larger weapons.
You are too small for most types of armour.
You have supernaturally acute eyesight. (SInv)
You cover ground extremely quickly. (Speed+++)
You have sharp fingernails.
You passively map a small area around you.


Message History

You start resting.
You feel sick. x2
An ice beast is nearby!
You are too injured to fight recklessly!
Casting: Ensorcelled Hibernation (safe; 9% risk of failure)
Confirm with . or Enter, or press ? or * to list all spells.
You can't see any susceptible monsters within range! (Use Z to cast anyway.) Unknown command.
Casting: Ensorcelled Hibernation (safe; 9% risk of failure)
Confirm with . or Enter, or press ? or * to list all spells.
Your claws begin to glow red.
You feel sick. The ice beast hits you.
* * * LOW HITPOINT WARNING * * *
The ice beast freezes you.
* * * LOW HITPOINT WARNING * * *
Unknown command.
You feel better. The ice beast closely misses you.
You hit the ice beast but do no damage.
The ice beast appears confused.
The unseen horror looks more healthy.
The unseen horror completely misses you.
The ice beast completely misses you. The unseen horror hits you.
* * * LOW HITPOINT WARNING * * *
You barely miss the ice beast. The unseen horror closely misses you.
The unseen horror closely misses you. The iguana attacks as it pursues you!
The iguana closely misses you. The unseen horror hits you.
* * * LOW HITPOINT WARNING * * *
The unseen horror attacks as it pursues you!
The unseen horror hits you.
* * * LOW HITPOINT WARNING * * *
The unseen horror hits you but does no damage.
Casting: Confusing Touch (dangerous; 5% risk of failure)
Confirm with . or Enter, or press ? or * to list all spells.
Aiming: Ensorcelled Hibernation (safe; 9% risk of failure)
Press: ? - help, Shift-Dir - straight line, f - unseen horror
Aim: an unseen horror (moderately wounded, slightly transparent, chance to affect: 46%)
You miscast Ensorcelled Hibernation.
You are very lightly contaminated with residual magic.
Nothing appears to happen.
The unseen horror closely misses you. The unseen horror hits you.
You die...
Your body crumbles into a pile of gold.

######.##...# ## *
###..Y## *≈### + * ,,
#.#.l# *#≈≈≈
...#....###..# * , *
.........##..#* , ,
.####...x....####.# *
#. #.#####......(. #.
#.#####x#####.. *#.##
#......@....... ,,
..##..###..##..........
.............#.#......
, #..............##.#
#.####.#.......#.#..# #
*
........>##.#.......#*
#.####.####.#.#..#### *
#.# #.#.#..... ,
#.####.####.#.#.#####*,
,


You could see an unseen horror (invisible).

Vanquished Creatures
  Grinder (D:4)
  Eustachio (D:4)
  Blork the orc (D:4)
  2 scorpions (D:4)
  A bombardier beetle (D:5)
  Ijyb (D:4)
  An iguana (D:4)
  3 gnolls (D:3)
  6 adders
  8 river rats (D:4)
  A dart slug (D:2)
  3 ribbon worms
  An orc (D:3)
  4 bats
  6 endoplasms
  2 giant cockroaches (D:1)
  8 goblins
  6 hobgoblins
  4 jackals
  3 quokkas
  9 ball pythons
  7 frilled lizards
  7 kobolds
  16 rats
102 creatures vanquished.

Notes
Turn   | Place    | Note
-------+----------+-------------------------------------------
     0 | D:1      | Gadfly the Spriggan Enchanter began the quest for the Orb.
     0 | D:1      | Reached XP level 1. HP: 9/9 MP: 5/5
   101 | D:1      | Reached XP level 2. HP: 14/14 MP: 6/6
   236 | D:1      | Learned a level 2 spell: Ensorcelled Hibernation
   680 | D:1      | Identified 2 scrolls of acquirement
   680 | D:1      | Acquired 962 gold pieces
   682 | D:1      | Acquired the +6 rapier of Ru, Brewing {venom, rN+}
   762 | D:2      | Found an opulent altar of Gozag.
   781 | D:2      | Became a worshipper of Gozag Ym Sagoz the Greedy
   810 | D:2      | Reached skill level 1 in Evocations
   810 | D:2      | Reached XP level 3. HP: 17/17 MP: 6/8
  1021 | D:2      | Reached skill level 1 in Fighting
  1080 | D:2      | Learned a level 3 spell: Confusing Touch
  1408 | D:3      | Found a snail-covered altar of Cheibriados.
  1409 | D:3      | Found a bloodstained altar of Trog.
  1409 | D:3      | Found a shimmering blue altar of Sif Muna.
  1420 | D:3      | Reached XP level 4. HP: 14/22 MP: 9/9
  1534 | D:3      | Reached skill level 5 in Stealth
  1811 | D:3      | Learned a level 2 spell: Blink
  1983 | D:3      | Reached XP level 5. HP: 19/25 MP: 9/11
  2112 | D:3      | Acquired a book of Misfortune
  2189 | D:4      | Noticed Eustachio
  2206 | D:4      | Killed Eustachio
  2207 | D:4      | Reached XP level 6. HP: 30/30 MP: 9/12
  2378 | D:4      | Noticed Grinder
  2407 | D:4      | Killed Grinder
  2408 | D:4      | Reached skill level 6 in Stealth
  2408 | D:4      | Reached XP level 7. HP: 35/35 MP: 5/14
  2708 | D:4      | Noticed Blork the orc
  2715 | D:4      | Reached skill level 5 in Hexes
  2720 | D:4      | Killed Blork the orc
  2842 | D:4      | Noticed Ijyb
  2849 | D:4      | Killed Ijyb
  3459 | D:4      | Gained mutation: You have sharp fingernails. [potion of
                  | mutation]
  3459 | D:4      | Gained mutation: You passively map a small area around you.
                  | [potion of mutation]
  3467 | D:4      | Learned a level 5 spell: Yara's Violent Unravelling
  3496 | D:5      | Entered Level 5 of the Dungeon
  3538 | D:5      | Identified the +6 orcbow of the Howling Spider {flame,
                  | Int+2}
  3575 | D:5      | Noticed an unseen horror
  3580 | D:5      | Noticed a yak
  3594 | D:5      | HP: 1/35 [unseen horror (6)]
  3600 | D:5      | Slain by an unseen horror

Illustrated notes

Levels and vault maps discovered:
D:1:      wander_arrival_peaceful_grave, layout_basic
D:2:      layout_basic, basic_altar
D:3:      layout_basic, grunt_temple_overflow_open
D:4:      layout_layer_cave, minmay_fountain_box, glass_columns_c,
          chequers_mini_garden, dk_rats_in_the_wall, uniq_grinder,
          uniq_blork_the_orc, uniq_ijyb, uniq_eustachio
D:5:      layout_basic, lightli_temple_of_fire, columned_hall_lemuel,
          glass_columns_a, minmay_manual_monstrance, uniq_edmund,
          uniq_crazy_yiuf_cottage

Skill      XL: |  1  2  3  4  5  6  7 |
---------------+----------------------+-----
Dodging        | 3 4 |  4.9
Spellcasting   | 3 4 |  4.6
Evocations     | 1 2 3 |  3.9
Fighting       | 1 2 |  2.6
Hexes          | 4 5 |  5.3
Short Blades   | 2 3 |  3.7
Stealth        | 5 6 |  6.6

Action                     |  1- 3 |  4- 6 |  7- 9 || total
---------------------------+-------+-------+-------++-------
  Melee: Dagger            |    94 |       |       ||    94
         Punch             |     3 |       |     1 ||     4
         Rapier            |    31 |    78 |    66 ||   175
   Cast: Ensorcelled Hiber |     6 |     5 |     7 ||    18
         Confusing Touch   |       |     2 |     1 ||     3
    Use: Scroll            |    10 |     3 |       ||    13
         Potion            |       |       |     3 ||     3
   Stab: Sleeping          |    15 |     6 |     5 ||    26
         Confused          |       |     2 |       ||     2
 Armour: Robe              |    39 |    22 |    24 ||    85
  Dodge: Dodged            |   118 |    42 |    58 ||   218
